AoeStats
← Tetsu.Japan

Arena

506401068Analyzed
4v4 RM · 19d ago on Sep 13, 2026· 50m 2s· 8 players
Game mode
Random Map
Map size
Large (8 player)
Population
200
Speed
Normal
Resources
Standard
Victory
Conquest
Starting age
Dark Age
Ending age
Imperial Age
RankedLock teamsTeams togetherTeam positionsShared explorationLock speedFull tech treeHidden civsTurbo modeCheats
Victory
Defeat
🇨🇳 Sicilians · China
1456
+17
🇨🇳 Portuguese · China
1453
+17
🇨🇳 Cumans · China
1441
+18
🇨🇳 Jurchens · China
1418
+19
🇯🇵 Turks · Japan
1654
-25
🇫🇷 Byzantines · France
1487
-18
🇺🇸 Gurjaras · United States
1483
-18
🇯🇵 Italians · Japan
1284
-10
张横
10:49 Feudal Age
15:18 Castle Age
13:25 Fletching
15:38 Double-Bit Axe
15:57 Loom
25:56 Gold Mining
26:05 Horse Collar
31:00 Imperial Age
30:19 Bodkin Arrow
30:25 Padded Archer Armor
30:20 Bodkin Arrow
30:25 Padded Archer Armor
30:53 Bow Saw
31:03 Crossbowman
32:12 Bracer
34:57 Arbalester
37:29 Chemistry
37:28 Ballistics
41:49 Wheelbarrow
44:10 Elite Skirmisher
45:12 Leather Archer Armor
46:59 Ring Archer Armor
DeepSleep
11:28 Feudal Age
15:14 Castle Age
13:15 Double-Bit Axe
13:52 Gold Mining
13:49 Horse Collar
14:20 Gold Mining
14:57 Scale Barding Armor
16:38 Chain Barding Armor
16:31 Forging
20:12 Wheelbarrow
24:18 Bow Saw
24:31 Bloodlines
24:23 Husbandry
24:37 Town Watch
25:13 Heavy Plow
26:40 Chain Barding Armor
28:44 Gold Shaft Mining
29:53 Hand Cart
33:16 Imperial Age
31:07 Stone Mining
31:04 Loom
31:21 Scale Mail Armor
32:38 Iron Casting
36:17 Stone Shaft Mining
36:30 Plate Barding Armor
35:44 Cavalier
37:53 Blast Furnace
37:26 Chain Mail Armor
37:12 Squires
37:52 First Crusade
37:46 Fletching
39:39 Bodkin Arrow
40:47 Chemistry
39:18 Capped Ram
39:32 Elite Serjeant
41:08 Plate Mail Armor
41:28 Bracer
45:00 Masonry
45:21 Arrowslits
45:12 Light Cavalry
47:24 Ballistics
hoot
8:56 Feudal Age
9:40 Double-Bit Axe
10:34 Horse Collar
13:14 Loom
15:33 Wheelbarrow
21:05 Castle Age
19:18 Gold Mining
20:15 Stone Mining
21:57 Bow Saw
21:48 Heavy Plow
25:23 Imperial Age
23:43 Fletching
24:19 Ballistics
24:02 Padded Archer Armor
24:40 Bodkin Arrow
25:37 Leather Archer Armor
25:32 Steppe Husbandry
26:16 Bloodlines
26:13 Thumb Ring
28:23 Gold Shaft Mining
30:03 Chemistry
30:29 Conscription
29:31 Elite Kipchak
30:49 Ring Archer Armor
31:56 Masonry
34:02 Hand Cart
33:33 Town Watch
34:50 Coinage
35:57 Banking
35:38 Guilds
36:30 Two-Man Saw
36:01 Crop Rotation
39:50 Capped Ram
41:51 Hoardings
40:57 Siege Ram
45:24 Caravan
Mustafa90
10:09 Feudal Age
14:58 Castle Age
13:02 Double-Bit Axe
17:11 Wheelbarrow
19:41 Loom
23:56 Fortified Bastions
25:40 Fletching
25:23 Elite Skirmisher
27:19 Bodkin Arrow
28:10 Ballistics
28:29 Hand Cart
28:42 Crossbowman
32:20 Padded Archer Armor
34:37 Gold Mining
36:04 Horse Collar
36:52 Bow Saw
39:46 Imperial Age
37:03 Town Watch
37:56 Leather Archer Armor
38:19 Gold Shaft Mining
37:34 Stone Mining
38:13 Scale Barding Armor
38:15 Town Patrol
39:26 Chain Barding Armor
39:48 Bloodlines
39:38 Husbandry
38:59 Light Cavalry
40:34 Forging
40:43 Siege Engineers
40:19 Treadmill Crane
41:55 Chemistry
41:09 Bracer
41:11 Hussar
42:40 Ring Archer Armor
42:43 Masonry
43:12 Plate Barding Armor
43:08 Conscription
44:03 Iron Casting
43:29 Scale Mail Armor
46:39 Blast Furnace
45:54 Chain Mail Armor
47:29 Fortified Wall
47:50 Architecture
47:14 Guard Tower
47:59 Elite Steppe Lancer
49:54 Pikeman
50:35 Squires
whitewidow52
10:11 Feudal Age
10:15 Feudal Age
14:35 Castle Age
14:29 Double-Bit Axe
14:35 Horse Collar
22:13 Loom
26:06 Wheelbarrow
28:46 Gold Mining
32:14 Imperial Age
30:47 Bloodlines
30:37 Husbandry
30:47 Heavy Plow
31:12 Bow Saw
32:30 Scale Barding Armor
32:40 Forging
34:23 Chain Barding Armor
34:55 Iron Casting
33:44 Heavy Camel Rider
36:29 Frontier Guards
36:12 Fletching
37:17 Bodkin Arrow
39:25 Gold Shaft Mining
38:41 Stone Mining
39:00 Bracer
40:20 Padded Archer Armor
40:17 Elite Elephant Archer
41:34 Ballistics
42:15 Chemistry
41:50 Thumb Ring
44:02 Leather Archer Armor
Tetsu.Japan
10:50 Feudal Age
15:29 Castle Age
13:34 Double-Bit Axe
13:47 Horse Collar
14:58 Stone Mining
18:51 Bow Saw
18:43 Gold Mining
18:50 Fletching
22:46 Heavy Plow
22:40 Loom
23:31 Wheelbarrow
24:09 Bodkin Arrow
24:29 Padded Archer Armor
27:47 Town Watch
28:20 Leather Archer Armor
36:46 Imperial Age
34:43 Ballistics
34:33 Masonry
38:36 Two-Man Saw
37:59 Conscription
38:24 Ring Archer Armor
38:31 Bracer
39:56 Chemistry
39:00 Onager
40:05 Hand Cart
41:29 Elite Genoese Crossbowman
43:17 Thumb Ring
47:03 Scale Barding Armor
48:21 Forging
happikon.6139
11:31 Feudal Age
15:55 Castle Age
16:15 Loom
17:04 Horse Collar
20:48 Imperial Age
18:45 Horse Collar
18:51 Double-Bit Axe
19:12 Gold Mining
21:24 Bow Saw
25:07 Wheelbarrow
27:03 Fletching
34:01 Stone Mining
36:38 Two-Man Saw
36:23 Gold Shaft Mining
36:40 Scale Barding Armor
36:50 Town Watch
37:48 Hand Cart
38:02 Forging
38:15 Fortified Wall
41:10 Heavy Plow
42:47 Bloodlines
43:34 Cavalier
45:03 Chain Barding Armor
44:55 Heavy Plow
45:15 Husbandry
46:16 Iron Casting
46:34 Plate Barding Armor
48:45 Blast Furnace
antorse31
5:34 Loom
8:55 Feudal Age
9:40 Double-Bit Axe
13:29 Fletching
22:31 Castle Age
21:50 Horse Collar
24:02 Bow Saw
27:06 Imperial Age
26:11 Gold Mining
27:28 Heavy Plow
28:13 Wheelbarrow
28:55 Chemistry
29:22 Conscription
35:12 Padded Archer Armor
35:38 Bodkin Arrow
36:09 Ballistics
35:26 Elite Skirmisher
37:04 Bracer
39:21 Leather Archer Armor
40:13 Squires
39:34 Man-at-Arms
39:34 Pikeman
40:50 Halberdier
44:16 Scale Mail Armor
44:53 Hand Cart
Connection lost

Rejoining the realm…

Still unreachable

The connection could not be restored.

Session expired

The server has moved on; the page needs a fresh start.